 Dungeon Sprint DCSS version 0.30-a0-465-g8901f6c8b5 (webtiles) character file.

Game seed: 826582987027620921

0 NinjaNoafa the Caller (level 2, 0/11 HPs)
             Began as a Felid Summoner on Dec 18, 2022.
             Was an Initiate of Gozag.
             Slain by a quasit (1 damage)
             ... in the Dungeon (Sprint VI: "Thunderdome").
             The game lasted 00:01:38 (63 turns).

NinjaNoafa the Caller (Felid Summoner)                Turns: 63, Time: 00:01:38

Health: 0/11       AC:  1    Str:  4      XL:     2   Next: 0%
Magic:  0/7        EV: 17    Int: 16      God:    Gozag
Gold:   200        SH:  0    Dex: 15 (16) Spells: 4/7 levels left
                                        Lives:  0   Deaths: 0

rFire   . . .      SeeInvis +    (weapon unavailable)
rCold   . . .      Faith    .    (shield unavailable)
rNeg    . . .      Spirit   .    (body armour unavailable)
rPois   .          Reflect  .    (helmet unavailable)
rElec   .          Harm     .    (cloak unavailable)
rCorr   .          Rampage  .    (gloves unavailable)
Will    .....      NoTele   +    (boots unavailable)
Stlth   ++........               (no amulet)
HPRegen 0.21/turn                (no ring)
MPRegen 0.10/turn                (no ring)

@: quick
A: very small, claws 1, fangs 3, see invisible, speed 1, shaggy fur 1, stealthy
paws, no weapons or thrown items, no armour, multi-lived
a: Renounce Religion, Potion Petition, Call Merchant, Bribe Branch


You were in the Dungeon.
You worshipped Gozag.
Gozag was aware of your devotion.
You visited 1 branch You collected 200 gold pieces.

Inventory:

Wands
 g - a wand of acid (4)
 h - a wand of iceblast (5)
Scrolls
 f - 4 scrolls of blinking
 i - 3 scrolls of fog
Potions
 a - 3 potions of magic
 b - a potion of curing
 c - 4 potions of heal wounds
 d - 4 potions of haste
 e - a potion of berserk rage
 j - a potion of resistance


   Skills:
 - Level 2.6 Dodging
 - Level 2.6 Stealth
 + Level 3.2 Spellcasting
 + Level 4.9 Summonings


You had 4 spell levels left.
You knew the following spells:

 Your Spells              Type           Power      Damage    Failure   Level
a - Summon Small Mammal   Summ           72%        N/A       2%          1
b - Call Imp              Summ           18%        N/A       3%          2

Your spell library contained the following spells:

 Spells                   Type           Power      Damage    Failure   Level
 Call Canine Familiar     Summ           18%        N/A       8%          3
 Summon Guardian Golem    Hex/Summ       10%        N/A       21%         3
 Summon Lightning Spire   Summ/Air       10%        N/A       54%         4


Dungeon Overview and Level Annotations

Branches:
Dungeon (1/1)

Altars:
Fedhas
Gozag
Okawaru
Qazlal
Ru
Sif Muna
Trog
Wu Jian
Xom
Yredelemnul
Zin
The Shining One

Shops:
D ??:(!!!!


Innate Abilities, Weirdness & Mutations

You have sharp claws.
You have razor-sharp teeth.
You have supernaturally acute eyesight. (SInv)
You cover ground quickly. (Speed+)
You are covered in fur. (AC +1)
Your paws help you pounce on unaware monsters.
You are incapable of wielding weapons or throwing items.
You cannot wear armour.
You gain extra lives every three experience levels.


Message History

Confirm with . or Enter, or press ? or * to list all spells.
A beastly little devil appears in a puff of flame.
Your rat disappears in a puff of smoke!
Your crimson imp blinks!
An iron imp comes into view.
Found an opulent altar of Gozag.
Your rat closely misses the quasit.
Your crimson imp blinks!
Your crimson imp hits the quasit.
Found Vuneboiv's Distillery and Riah's Distillery.
Found two altars.
Found Qicseeve's Bottled Wisdom.
There is an opulent altar of Gozag here.
You sit before the altar of Gozag.
Gozag welcomes you!
Gozag waives the service fee.
Found Der Vurph's Do-It-Yourself Clinic.
Found three altars.
Casting: Call Imp (safe; 3% risk of failure)
Confirm with . or Enter, or press ? or * to list all spells.
You don't have enough magic to cast this spell.
The quasit attacks as you move away!
The quasit bites you but does no damage.
The quasit barely misses you. x2
Your rat disappears in a puff of smoke!
Okay, then.
Your crimson imp blinks!
Okay, then.
Casting: Call Imp (safe; 3% risk of failure)
Confirm with . or Enter, or press ? or * to list all spells.
A beastly little devil appears in a puff of flame.
Your crimson imp says, "You called?"
The quasit misses you. The quasit claws you.
You feel clumsy. The quasit closely misses you.
The quasit attacks as you move away! The quasit closely misses you.
The quasit claws you. The quasit closely misses you. The quasit bites you.
* * * LOW HITPOINT WARNING * * *
The quasit claws you.
You die...
Your body crumbles into a pile of gold.

.........###
..........⌠#
.........8.######
...###......___∩##
.8.# #.8§.......∩###
...###........5....##
###...###..........⌠#
#.<.# #.......5..⌠#
#...# #.......@..⌠#
..###.............##
.8. .8........∩###
... ......___∩## ...
..8.###### ... ..⌠#
... .###


You could see a quasit (ally target) and a friendly crimson imp (summoned).

Vanquished Creatures
  A shadow imp (D)
1 creature vanquished.

Notes
Turn   | Place    | Note
-------+----------+-------------------------------------------
     0 | D        | NinjaNoafa the Felid Summoner began the quest for the Orb.
     0 | D        | Reached XP level 1. HP: 7/7 MP: 4/4
     2 | D        | Found a basalt altar of Yredelemnul.
     3 | D        | Found a shimmering altar of Xom.
     3 | D        | Found a glowing silver altar of Zin.
     4 | D        | Found an iron altar of Okawaru.
     5 | D        | Found a bloodstained altar of Trog.
     5 | D        | Found a shimmering blue altar of Sif Muna.
     5 | D        | Found Effampud's Magic Scroll Shop.
     5 | D        | Found Gipaez's Staff Store.
     6 | D        | Found Xitz's Magic Scroll Shop.
     6 | D        | Found Zeor Goy's Must-Have Magic.
     7 | D        | Round 1.
    39 | D        | Reached XP level 2. HP: 3/11 MP: 2/7
    42 | D        | Learned a level 2 spell: Call Imp
    48 | D        | Found an opulent altar of Gozag.
    53 | D        | Found an ornate altar of the Wu Jian Council.
    53 | D        | Found a glowing golden altar of the Shining One.
    53 | D        | Found Vuneboiv's Distillery.
    53 | D        | Found Riah's Distillery.
    54 | D        | Found Qicseeve's Bottled Wisdom.
    56 | D        | Became a worshipper of Gozag Ym Sagoz the Greedy
    57 | D        | Found a sacrificial altar of Ru.
    57 | D        | Found a blossoming altar of Fedhas.
    57 | D        | Found a stormy altar of Qazlal.
    57 | D        | Found Der Vurph's Do-It-Yourself Clinic.
    63 | D        | Slain by a quasit

Illustrated notes

Levels and vault maps discovered:
D:        arena_sprint

Skill      XL: |  1 |
---------------+----+-----
Spellcasting   | 3 |  3.2
Dodging        | |  2.6
Stealth        | |  2.6
Summonings     | |  4.9

Action                   || total
-------------------------++-------
 Cast: Summon Small Mamm ||     3
       Call Imp          ||     2
Evoke: Wand              ||     1
Armor: Skin              ||     1
Dodge: Dodged            ||     6

Table legend: (Time is in decaauts)
 A = Elapsed time spent in this place.
 B = Non-inter-level travel time spent in this place.
 C = Inter-level travel time spent in this place.
 D = Time resting spent in this place.
 E = Time spent auto-exploring this place.
 F = Levels seen in this place.
 G = Mean time per level.
                   A        B        C        D        E       F      G
               +--------+--------+--------+--------+--------+-----+--------+
         Total |     54 |     54 |      0 |      0 |     13 |   1 |   54.0 |
       Dungeon |     54 |     54 |      0 |      0 |     13 |   1 |   54.0 |
               +--------+--------+--------+--------+--------+-----+--------+

Top non-repeatable levels by time:
       D: 54 daAuts
